 Dungeon Crawl Stone Soup version 0.29-a0-2-g12fcac58f8 (webtiles) character file.

Game seed: 7456388022850801484

506 kae the Ruffian (level 6, -1/50 HPs)
             Began as a Draconian Transmuter on Jan 26, 2022.
             Killed from afar by Blork the orc (9 damage)
             ... with a magic dart
             ... on level 5 of the Dungeon.
             The game lasted 00:03:55 (4584 turns).

kae the Ruffian (Draconian Transmuter)              Turns: 4584, Time: 00:03:56

Health: -1/50      AC:  9    Str: 12    XL:     6   Next: 97%
Magic:  2/10       EV: 13    Int: 16    God:
Gold:   49         SH:  5    Dex: 17    Spells: 2/10 levels left

rFire   . . .      SeeInvis .     - Unarmed
rCold   . . .      Faith    .   (no shield)
rNeg    . . .      Spirit   .   (armour unavailable)
rPois   .          Reflect  +   (helmet restricted)
rElec   .          Harm     .   (no cloak)
rCorr   .          Rampage  .   (no gloves)
Will    .....                   i - +2 pair of boots
Stlth   ++........              f - amulet of reflection
HPRegen 0.16/turn               e - +6 ring of dexterity
MPRegen 0.12/turn               (no ring)

@: attractive, flying, very slightly contaminated, invisible
A: AC +6, unfitting armour, cold-blooded
a: no special abilities


You were on level 5 of the Dungeon.
You visited 1 branch of the dungeon, and saw 5 of its levels.

You collected 192 gold pieces.
You spent 143 gold pieces at shops.

Inventory:

Armour
 i - a +2 pair of boots (worn)
Jewellery
 e - a +6 ring of dexterity (left hand)
 f - an amulet of reflection (around neck)
Potions
 a - 2 potions of mutation
 b - a potion of flight
 c - 2 potions of curing
 d - a potion of attraction
 h - 2 potions of lignification
 j - a potion of heal wounds


   Skills:
 + Level 2.8 Fighting
 + Level 2.8 Dodging
 * Level 4.7 Unarmed Combat
 + Level 2.9 Spellcasting
 * Level 4.0 Transmutations
 * Level 1.3 Ice Magic
 - Level 2.0 Poison Magic


You had 2 spell levels left.
You knew the following spells:

 Your Spells              Type           Power      Damage    Failure   Level
a - Beastly Appendage     Tmut           30%        N/A       3%          1
b - Spider Form           Tmut/Pois      12%        N/A       16%         3
c - Ice Form              Ice/Tmut       11%        N/A       52%         4

Your spell library contained the following spells:

 Spells                   Type           Power      Damage    Failure   Level
 Wereblood                Tmut           15%        N/A       5%          2
 Pain                     Necr           8%         1d4       19%         1
 Ignite Poison            Fire/Tmut/Pois 8%         N/A       24%         3
 Conjure Flame            Conj/Fire      2%         6-21      50%         3
 Portal Projectile        Hex/Tloc       4%         N/A       50%         3
 Blade Hands              Tmut           7%         N/A       69%         5
 Sticky Flame             Conj/Fire      2%         2d3       88%         4
 Summon Lightning Spire   Summ/Air       2%         N/A       88%         4
 Agony                    Necr           2%         N/A       99%         5
 Excruciating Wounds      Necr           1%         N/A       99%         5
 Storm Form               Tmut/Air       4%         N/A       100%        7
 Maxwell's Capacitive Co  Air            1%         ∞         100%        8


Dungeon Overview and Level Annotations

Branches:
Dungeon (5/15)
 Temple: D:4-7

Altars:
Zin

Shops:
D:5 !

Annotations:
D:5 Blork the orc


Innate Abilities, Weirdness & Mutations

Your plain brown scales are hard. (AC +6)
You cannot fit into any form of body armour.
You are cold-blooded and may be slowed by cold attacks.


Message History

Blork the orc is moderately wounded.
Blork the orc is attracted toward you.
You hit Blork the orc but do no damage.
Blork the orc is moderately wounded.
You block Blork the orc's attack.
You hit Blork the orc.
Blork the orc is moderately wounded.
Blork the orc closely misses you.
Blork the orc miscasts a cantrip.
You catch the helpless Blork the orc completely off-guard!
You hit Blork the orc.
Blork the orc is heavily wounded.
Blork the orc is attracted toward you.
You hit Blork the orc. You tail-slap Blork the orc.
Blork the orc is severely wounded.
Blork the orc hits you with a +1 halberd of freezing.
You feel yourself slow down. Blork the orc freezes you.
Blork the orc barely misses you.
You barely miss Blork the orc.
Blork the orc is severely wounded.
You block Blork the orc's attack. Blork the orc completely misses you.
You closely miss Blork the orc.
You tail-slap Blork the orc, but do no damage.
Blork the orc is severely wounded.
You feel yourself speed up. Blork the orc misses you.
You barely miss Blork the orc. You tail-slap Blork the orc.
Blork the orc is almost dead.
Blork the orc hits you with a +1 halberd of freezing!
Blork the orc freezes you.
* * * LOW HITPOINT WARNING * * *
Blork the orc casts a spell at you. The magic dart hits you.
* * * LOW HITPOINT WARNING * * *
You strike the helpless Blork the orc from behind!
You hit Blork the orc.
Blork the orc is almost dead.
Blork the orc casts a spell at you. The magic dart hits you!
You die...

###................... .
..#..#............o.# ...
#....#.###.......#.##...#
........#......⌠.⌠......#
.#..............∩....[..#
.#...#...##....⌠.⌠......#
.#...#....#...#.####....#
.'........'...#.###
......
.#..##....#.....@.#
......
.#...#....#...#o###
...!.. .# ...........#.#
... .#....#...#.#
#....#...#.# . ....
....#.# . ... ........
............ #.#


You could see Blork the orc (fast).

Vanquished Creatures
  A necrophage (D:4)
  A phantom (D:4)
  A scorpion (D:4)
  A howler monkey (D:4)
  An orc priest (D:4)
  A hound (D:4)
  An iguana (D:4)
  A hound skeleton (D:5)
  A howler monkey skeleton (D:5)
  5 adders
  2 white imps (D:5)
  3 dart slugs
  3 orcs (D:4)
  6 endoplasms
  3 giant cockroaches
  5 goblins
  4 hobgoblins (D:1)
  4 jackals
  9 kobolds
  3 quokkas
  5 ball pythons
  5 bats
  7 frilled lizards
  3 rats
76 creatures vanquished.

Notes
Turn   | Place    | Note
-------+----------+-------------------------------------------
     0 | D:1      | kae the Draconian Transmuter began the quest for the Orb.
     0 | D:1      | Reached XP level 1. HP: 16/16 MP: 3/3
   541 | D:1      | Reached XP level 2. HP: 18/23 MP: 3/5
   617 | D:1      | Found a faded altar of an unknown god.
  1271 | D:2      | Reached XP level 3. HP: 22/28 MP: 6/6
  1374 | D:2      | Learned a level 3 spell: Spider Form
  2037 | D:2      | Reached XP level 4. HP: 35/35 MP: 5/7
  2669 | D:3      | Found a glowing silver altar of Zin.
  2876 | D:3      | Reached skill level 1 in Poison Magic
  3046 | D:4      | Noticed a necrophage
  3056 | D:4      | Killed a necrophage
  3057 | D:4      | Reached XP level 5. HP: 34/41 MP: 8/8
  3181 | D:4      | Reached XP level 6. HP: 49/49 MP: 5/9
  3260 | D:4      | Learned a level 4 spell: Ice Form
  3714 | D:4      | Reached skill level 1 in Ice Magic
  3772 | D:4      | Noticed a two-headed ogre
  4229 | D:5      | Entered Level 5 of the Dungeon
  4507 | D:5      | Found Wipaunko's Distillery.
  4545 | D:5      | Bought a potion of curing for 39 gold pieces
  4545 | D:5      | Bought a potion of heal wounds for 65 gold pieces
  4545 | D:5      | Bought a potion of lignification for 39 gold pieces
  4546 | D:5      | Noticed Blork the orc
  4584 | D:5      | Killed from afar by Blork the orc

Illustrated notes

Levels and vault maps discovered:
D:1:      sevenhm_arrival_forest_fort_small_3, layout_basic,
          shapermc_ecumenical_altar_starsandcircs, kennysheep_small_spiral
D:2:      layout_basic
D:3:      layout_rooms, zin_scriptorium
D:4:      layout_loops_cross, minmay_statues_item,
          minmay_misc_feat_secret_circle, st_stairs_11, hangedman_decor_riveting
D:5:      layout_basic, minmay_temple_entry_poolview, serial_shops,
          shop_fountains, uniq_blork_the_orc

Skill      XL: |  1  2  3  4  5  6 |
---------------+-------------------+-----
Dodging        | 2 |  2.8
Transmutations | 3 4 |  4.0
Poison Magic   | 1 2 |  2.0
Fighting       | 2 |  2.8
Unarmed Combat | 4 |  4.7
Ice Magic      | 1 |  1.3
Spellcasting   | |  2.9

Action                   |  1- 3 |  4- 6 || total
-------------------------+-------+-------++-------
Melee: Unarmed           |    87 |   144 ||   231
       Kick              |    15 |    31 ||    46
       Headbutt          |     8 |    18 ||    26
       Tailslap          |     8 |    17 ||    25
       Punch             |     3 |     4 ||     7
 Cast: Beastly Appendage |    22 |    24 ||    46
       Spider Form       |       |     5 ||     5
       Ice Form          |       |     1 ||     1
  Use: Scroll            |       |     9 ||     9
       Potion            |       |     4 ||     4
 Stab: Sleeping          |     1 |     1 ||     2
       Invisible         |       |     6 ||     6
Armor: Skin              |    34 |    21 ||    55
Dodge: Dodged            |    61 |    84 ||   145
Block: Other             |       |     5 ||     5

Table legend: (Time is in decaauts)
 A = Elapsed time spent in this place.
 B = Non-inter-level travel time spent in this place.
 C = Inter-level travel time spent in this place.
 D = Time resting spent in this place.
 E = Time spent auto-exploring this place.
 F = Levels seen in this place.
 G = Mean time per level.
                   A        B        C        D        E       F      G
               +--------+--------+--------+--------+--------+-----+--------+
         Total |   4573 |   4332 |    241 |    146 |   3488 |   5 |  914.6 |
       Dungeon |   4573 |   4332 |    241 |    146 |   3488 |   5 |  914.6 |
               +--------+--------+--------+--------+--------+-----+--------+

Top non-repeatable levels by time:
     D:2: 1351 daAuts
     D:1: 1155 daAuts
     D:4: 1118 daAuts
     D:3: 595 daAuts
     D:5: 352 daAuts
